 Dungeon Crawl Stone Soup version 0.27-a0-1196-g3e9cee4cb2 (webtiles) character file.

Game seed: 2727175128178763440

24 robertstho the Magician (level 3, -1/26 HPs)
             Began as a Djinni Fire Elementalist on May 28, 2021.
             Frozen to death by an endoplasm (7 damage)
             ... on level 2 of the Dungeon.
             The game lasted 00:01:15 (1525 turns).

robertstho the Magician (Djinni Fire Elementalist)  Turns: 1525, Time: 00:01:16

Health: -1/26      AC:  2    Str:  7    XL:     3   Next: 15%
Gold:   51         EV: 12    Int: 17    God:
                   SH:  0    Dex: 13

rFire    + + .     SeeInvis .   d - +0 hand axe
rCold    x . .     Faith    .   (no shield)
rNeg     . . .     Spirit   .   a - +0 robe
rPois    ∞         Reflect  .   (no helmet)
rElec    .         Harm     .   (no cloak)
rCorr    .         Rampage  .   (no gloves)
Will     .....                  (boots unavailable)
Stlth    ++........             (no amulet)
HPRegen  0.08/turn              (no ring)
MPRegen  0.00/turn              (no ring)

@: flying
A: sickness immunity, fire resistance 2, cold vulnerability 1, float, innate
caster, hp casting, extra vitality 1
a: no special abilities


You were on level 2 of the Dungeon.
You visited 1 branch of the dungeon, and saw 2 of its levels.

You collected 51 gold pieces.

Inventory:

Hand Weapons
 d - a +0 hand axe (weapon)
Armour
 a - a +0 robe (worn)
Scrolls
 b - 4 scrolls of identify {unknown}
Potions
 c - a potion of might {unknown}
 e - a potion of haste {unknown}
 f - a potion of mutation {unknown}
 g - a potion of curing {unknown}


   Skills:
 * Level 0.7 Fighting
 + Level 2.2 Dodging
 + Level 1.5 Stealth
 * Level 3.1 Spellcasting


You couldn't memorise any spells.
You knew the following spells:

 Your Spells              Type           Power      Damage    Failure   Level
a - Foxfire               Conj/Fire      52%        2x1d6     4%          1
b - Conjure Flame         Conj/Fire      13%        6-21      14%         3
c - Inner Flame           Hex/Fire       13%        N/A       14%         3
d - Sticky Flame          Conj/Fire      13%        2d4       43%         4
e - Fireball              Conj/Fire      6%         3d5       80%         5
f - Summon Small Mammal   Summ           52%        N/A       4%          1
Your spell library was empty.

Dungeon Overview and Level Annotations

Branches:
Dungeon (2/15)

Altars:


Innate Abilities, Weirdness & Mutations

You are immune to sickness and miasma.
You are immune to poison.
Your flesh is very heat resistant. (rF++)
You are vulnerable to cold. (rC-)
You float through the air rather than walking.
You learn spells naturally, not from books.
Your magical power is your life essence.
You have superior vitality. (+4 HP)


Message History

Nothing appears to happen.
Casting: Foxfire (safe; 4% risk of failure)
Press: ? - help, Q - select action, (/) - cycle Dir - look around, f - activate You conjure some foxfire!
The foxfire hits the worm.
The worm is severely wounded.
The worm closely misses you.
Unknown command.
Casting: Foxfire (safe; 4% risk of failure)
Press: ? - help, Q - select action, (/) - cycle Dir - look around, f - activate You conjure some foxfire!
The foxfire hits the worm.
The worm is almost dead.
The worm barely misses you.
Casting: Foxfire (safe; 4% risk of failure)
Press: ? - help, Q - select action, (/) - cycle Dir - look around, f - activate You conjure some foxfire!
The worm closely misses you.
Your magical contamination has completely faded away.
The foxfire hits the worm.
The worm is almost dead.
Casting: Foxfire (safe; 4% risk of failure)
Press: ? - help, Q - select action, (/) - cycle Dir - look around, f - activate You conjure some foxfire!
The worm bites you!
* * * LOW HITPOINT WARNING * * *
The foxfire hits the worm.
You kill the worm!
Casting: Foxfire (safe; 4% risk of failure)
Press: ? - help, Q - select action, (/) - cycle Dir - look around, f - activate You conjure some foxfire!
* * * LOW HITPOINT WARNING * * *
The endoplasm barely misses you.
The foxfire hits the endoplasm.
The endoplasm is heavily wounded.
The endoplasm hits you but does no damage.
Unknown command.
The endoplasm freezes you.
You are frozen!
You feel a terrible chill!
You die...

.. .. ....## .....#
..#.##### ##...
....... .....
#####..# #....
#.@..#.## #....
#J##.#..#######....
#.#................
#.#................
#(#................
#.###...#######....
#.# #...# #....
......#.... #....
.?...#..... #....


You could see an endoplasm.

Vanquished Creatures
  A worm (D:2)
  A dart slug (D:1)
  A goblin (D:1)
  7 hobgoblins (D:1)
  4 ball pythons
  A bat (D:1)
  2 frilled lizards (D:1)
  A kobold (D:1)
  A rat (D:1)
19 creatures vanquished.

Vanquished Creatures (others)
  83 foxfires
83 creatures vanquished.

Grand Total: 102 creatures vanquished

Notes
Turn   | Place    | Note
-------+----------+-------------------------------------------
     0 | D:1      | robertstho the Djinni Fire Elementalist began the quest for
                  | the Orb.
     0 | D:1      | Reached XP level 1. HP: 15/15 MP: 0/0
   543 | D:1      | Reached XP level 2. HP: 20/22 MP: 0/0
  1400 | D:1      | Reached skill level 3 in Spellcasting
  1506 | D:2      | Reached XP level 3. HP: 24/26 MP: 0/0
  1506 | D:2      | Learned a level 1 spell: Summon Small Mammal
  1525 | D:2      | Frozen to death by an endoplasm

Illustrated notes

Levels and vault maps discovered:
D:1:      roderic_crossed_star, layout_loops_ring
D:2:      layout_basic, basic_altar, hellmonk_ecumenical_altar_blasted

Skill      XL: |  1  2 |
---------------+-------+-----
Spellcasting   | 3 |  3.1
Fighting       | |  0.7
Dodging        | |  2.2
Stealth        | |  1.5

Action                   || total
-------------------------++-------
Melee: Unarmed           ||     1
 Cast: Foxfire           ||    58
Armor: Robe              ||     4
Dodge: Dodged            ||    11

Table legend: (Time is in decaauts)
 A = Elapsed time spent in this place.
 B = Non-inter-level travel time spent in this place.
 C = Inter-level travel time spent in this place.
 D = Time resting spent in this place.
 E = Time spent auto-exploring this place.
 F = Levels seen in this place.
 G = Mean time per level.
                   A        B        C        D        E       F      G
               +--------+--------+--------+--------+--------+-----+--------+
         Total |   1525 |   1466 |     59 |      0 |   1318 |   2 |  762.5 |
       Dungeon |   1525 |   1466 |     59 |      0 |   1318 |   2 |  762.5 |
               +--------+--------+--------+--------+--------+-----+--------+

Top non-repeatable levels by time:
     D:1: 1415 daAuts
     D:2: 110 daAuts
